Map: Fear and Faith LE

Players

Serral - Winner!

  • Race: Zerg Zerg
  • League: Master
  • Spawn Location: 7:00

SKillous

  • Race: Protoss Protoss
  • League: Grandmaster
  • Spawn Location: 5:00

Event: HomeStory Cup XXIX

VOD

Have the link to the VOD?

Description

Time

  • Played on: July 5, 2026, 7:11 a.m.
  • Length: 4:17

All games in this series

Show
View Real Time Build Order
Export as new Build Order

Serral Zerg - Winner!

Build Orders: Hatch First 

Get SALT Encoding   

  8  0:07  Drone  
  8  0:11  Drone  
  10  0:17  Drone  
  11  0:29  Overlord  
  11  0:34  Drone  
  12  0:48  Drone x2  
  14  0:57  Drone  
  15  1:13  Hatchery  
  15  1:16  Drone  
  15  1:20  Drone  
  16  1:27  Drone  
  17  1:37  Spawning Pool  
  16  1:41  Drone  
  16  1:44  Extractor  
  17  1:47  Drone  
  17  1:56  Drone  
  18  2:06  Drone  
  19  2:17  Overlord  
  19  2:24  Queen  
  19  2:25  Queen  
  19  2:27  Zergling x2  
  24  2:36  Drone x3  
  27  2:45  Metabolic Boost  
  27  2:52  Overlord  
  27  2:53  Zergling x2  
  27  2:55  Zergling x2  
  27  2:57  Zergling x2  
  30  3:05  Queen  
  32  3:11  Zergling x4  
  34  3:18  Overlord  
  35  3:20  Zergling x2  
  35  3:26  Zergling x4  
  36  3:34  Zergling x6  
  39  3:47  Zergling x10  
  43  3:55  Zergling x2  
Show
View Real Time Build Order
Export as new Build Order

SKillous Protoss 

Build Orders:  

Get SALT Encoding   

  8  0:00  Probe  
  9  0:12  Probe  
  10  0:23  Pylon  
  10  0:28  Probe  
  11  0:44  Gateway  
  11  0:48  Probe  
  12  0:56  Assimilator  
  12  1:01  Probe  
  13  1:13  Probe  
  14  1:25  Probe  
  15  1:31  Cybernetics Core  
  15  1:34  Zealot  
  17  1:40  Probe  
  18  1:52  Probe  
  19  2:00  Warp Gate (Chrono Boost)  
  21  2:12  Stalker  
  21  2:16  Gateway  
  21  2:30  Gateway  
  21  2:41  Gateway  
  21  2:58  Pylon  
  21  3:21  Pylon  
  21  3:26  Zealot  
  23  3:27  Zealot x2  
  23  3:30  Pylon  
  26  3:44  Zealot x2  
  28  3:49  Zealot  
  28  3:55  Zealot  
  24  4:06  Zealot  
Tags
 
Add a new tag
Caveats
  • Supply blocks, unpowered buildings, or Contaminate may cause inaccurate times.
  • Supply counts are checked every 10 seconds.